 Dungeon Crawl Stone Soup version 0.23.1 (webtiles) character file.

Game seed: 11076107579961798013

166 Kairos the Sneak (level 5, -11/25 HPs)
             Began as a Vine Stalker Enchanter on Mar 17, 2019.
             Mangled by an ogre
             ... wielding a +0 giant club
              (17 damage)
             ... on level 3 of the Dungeon.
             The game lasted 00:04:08 (2421 turns).

Kairos the Sneak (Vine Stalker Enchanter)           Turns: 2421, Time: 00:04:09

Health: -11/25     AC:  5    Str: 11    XL:     5   Next: 47%
Magic:  0/18       EV: 11    Int: 15    God:
Gold:   156        SH:  0    Dex: 15    Spells: 7/8 levels left

rFire    . . .     SeeInvis .   a - +1 dagger
rCold    . . .     Gourm    .   (no shield)
rNeg     . . .     Faith    .   s - +0 ring mail
rPois    .         Spirit   +   (no helmet)
rElec    .         Reflect  .   (no cloak)
rCorr    .         Harm     .   (no gloves)
MR       .....                  (no boots)
Stlth    ++........             c - amulet of rage
HPRegen  0.48/turn              g - ring of magical power
MPRegen  0.16/turn              n - +4 ring of slaying

@: no status effects
A: fangs 2, regeneration 1, magic shield, antimagic bite, no potion heal 3, rot
immunity
a: Evoke Berserk Rage


You were on level 3 of the Dungeon.
You were not hungry.

You visited 1 branch of the dungeon, and saw 4 of its levels.

You collected 156 gold pieces.

Inventory:

Hand Weapons
 a - a +1 dagger (weapon)
 k - a +0 rapier
Missiles
 q - 3 tomahawks (quivered)
Armour
 b - a +0 robe
 s - a +0 ring mail (worn)
Jewellery
 c - an amulet of rage (around neck)
 g - a ring of magical power (left hand)
 n - a +4 ring of slaying (right hand)
Scrolls
 h - a scroll of teleportation
 p - a scroll of fog {unknown}
Potions
 e - 2 potions of haste {unknown}
 f - 4 potions of heal wounds {unknown}
 j - a potion of might {unknown}
 m - 4 potions of curing {unknown}
 o - a potion of brilliance {unknown}
Comestibles
 d - 6 rations
 r - a chunk of flesh


   Skills:
 + Level 0.7 Fighting
 + Level 1.4 Short Blades
 + Level 1.5 Armour
 + Level 2.0 Dodging
 + Level 5.4 Stealth
 + Level 2.4 Spellcasting
 + Level 3.5 Hexes
 + Level 0.1 Evocations


You had 7 spell levels left.
You knew the following spells:

 Your Spells              Type           Power        Failure   Level  Hunger
a - Corona                Hex            ##.....      12%         1    #......

Your spell library contained the following spells:

 Spells                   Type           Power        Failure   Level  Hunger
 Confuse                  Hex            ##......     34%         3    ###....
 Tukima's Dance           Hex            ##......     34%         3    ###....
 Ensorcelled Hibernation  Hex/Ice        #.....       36%         2    ###....
 Dazzling Spray           Conj/Hex       #.....       58%         3    ###....


Dungeon Overview and Level Annotations

Branches:
Dungeon (4/15)
 Temple: D:4-7

Altars:
Fedhas
Kikubaaqudgha
Sif Muna


Innate Abilities, Weirdness & Mutations

You have extremely sharp teeth.
Your natural rate of healing is unusually fast.
When hurt, damage is shared between your health and your magic reserves.
Your bite disrupts and absorbs the magic of your enemies.
Potions cannot restore your health.
You are immune to rotting.


Message History

You climb upwards.
There is a stone staircase leading down here.
You climb downwards.
There is a stone staircase leading up here.
The ogre hits you with a +0 giant club!
You climb upwards.
There is a stone staircase leading down here.
You hit the ogre.
The ogre is lightly wounded.
You puncture the ogre! You bite the ogre. You drain its power.
You feel invigorated.
The ogre is heavily wounded.
The ogre hits you with a +0 giant club!!
Ouch! That really hurt!
* * * LOW HITPOINT WARNING * * *
You hit the ogre. Your bite misses the ogre.
The ogre is severely wounded.
The ogre hits you with a +0 giant club!!
Ouch! That really hurt!
You die...

#.# #...)>....# #.#
#.###.#######.#####.#
#...>.# #.......#
#####.# #.####### #.#
#.# ######### #.# #.#
#.......# # #.# #.#
#.#####.###
#รท#######.#
#.#####.##.
#......O@.#
#.##......[
###########
#.##.##.##.
##.#...#.###
#........# #
#.#.....## #
#.#.#.#.## #
#..#.....# #
#.#..##.## #
#.......# #


You could see an ogre.

Vanquished Creatures
  Terence (D:2)
  A worker ant (D:3)
  4 gnolls (D:2)
  2 adders (D:2)
  A worm (D:2)
  A leopard gecko (D:3)
  11 orcs
  2 bats
  5 goblins
  5 hobgoblins
  3 jackals (D:3)
  A quokka (D:2)
  A frilled lizard (D:1)
  5 kobolds
  3 rats
46 creatures vanquished.

Notes
Turn   | Place    | Note
-------+----------+-------------------------------------------
     0 | D:1      | Kairos the Vine Stalker Enchanter began the quest for the
                  | Orb.
     0 | D:1      | Reached XP level 1. HP: 9/9 MP: 4/4
   277 | D:1      | Reached skill level 4 in Stealth
   748 | D:2      | Reached XP level 2. HP: 13/13 MP: 6/6
   764 | D:2      | Noticed Terence
   786 | D:2      | Killed Terence
   786 | D:2      | Reached XP level 3. HP: 12/16 MP: 7/7
  1268 | D:2      | Gained mutation: Your natural rate of healing is unusually
                  | fast. [Vine Stalker growth]
  1268 | D:2      | Reached XP level 4. HP: 21/21 MP: 8/8
  1403 | D:2      | Found an ancient bone altar of Kikubaaqudgha.
  1404 | D:2      | Found a blossoming altar of Fedhas.
  1517 | D:2      | Reached skill level 5 in Stealth
  1571 | D:2      | Reached skill level 1 in Armour
  1579 | D:2      | Reached skill level 1 in Short Blades
  1941 | D:3      | Found a deep blue altar of Sif Muna.
  2024 | D:3      | Reached XP level 5. HP: 25/25 MP: 9/9
  2360 | D:4      | Noticed an ogre
  2421 | D:3      | Mangled by an ogre

Skill      XL: |  1  2  3  4  5 |
---------------+----------------+-----
Stealth        | 4 5 |  5.4
Armour         | 1 |  1.5
Short Blades   | 1 |  1.4
Dodging        | 2 |  2.0
Fighting       | |  0.7
Spellcasting   | |  2.4
Hexes          | |  3.5
Evocations     | |  0.1

Action                   |  1- 3 |  4- 6 || total
-------------------------+-------+-------++-------
Melee: Dagger            |    49 |    81 ||   130
       Bite              |    11 |    23 ||    34
 Abil: Evoke Berserk Rag |     1 |     1 ||     2
  Use: Scroll            |     1 |     4 ||     5
 Stab: Sleeping          |     5 |     4 ||     9
  Eat: Chunk             |     2 |     5 ||     7
Armor: Ring mail         |    12 |    24 ||    36
Dodge: Dodged            |    22 |    33 ||    55
